 Dungeon Crawl Stone Soup version 0.28.0-53-g5a82cb258f (webtiles) character file.

Game seed: 2149835530610634398

63 Tirrikindir the Skirmisher (level 4, -6/31 HPs)
             Began as an Octopode Fighter on Aug 11, 2022.
             Mangled by a gnoll
             ... wielding a +0 whip
              (9 damage)
             ... on level 2 of the Dungeon.
             The game lasted 00:02:46 (1884 turns).

Tirrikindir the Skirmisher (Octopode Fighter)       Turns: 1884, Time: 00:02:46

Health: -6/31      AC:  1    Str: 15    XL:     4   Next: 9%
Magic:  4/4        EV: 13    Int: 10    God:
Gold:   63         SH:  4    Dex: 13    Spells: 3/3 levels left

rFire   . . .      SeeInvis .   a - +0 long sword
rCold   . . .      Faith    .   b - +0 buckler
rNeg    . . .      Spirit   .   (helmet restricted)
rPois   .          Reflect  .   (no amulet)
rElec   .          Harm     .   (no ring)
rCorr   .          Rampage  .   (no ring)
Will    .....                   (no ring)
Stlth   +++.......              (no ring)
HPRegen 0.10/turn               (no ring)
MPRegen 0.09/turn               (no ring)
                                (no ring)
                                (no ring)

@: no status effects
A: almost no armour, amphibious, 8 rings, camouflage 1, gelatinous body 1,
(nimble swimmer 1), tentacles
a: no special abilities


You were on level 2 of the Dungeon.
You visited 1 branch of the dungeon, and saw 2 of its levels.

You collected 63 gold pieces.

Inventory:

Hand Weapons
 a - a +0 long sword (weapon)
Armour
 b - a +0 buckler (worn)
Scrolls
 d - 2 scrolls of teleportation
 i - a scroll of noise {unknown}
Potions
 c - a potion of might
 e - a potion of lignification {unknown}
 f - a potion of flight
 g - a potion of ambrosia
 h - a potion of heal wounds {unknown}


   Skills:
 + Level 3.3 Fighting
 * Level 2.9 Long Blades
 + Level 3.3 Dodging
 + Level 2.0 Stealth
 + Level 3.3 Shields


You had 3 spell levels left.
You didn't know any spells.
Your spell library contained the following spells:

 Spells                   Type           Power      Damage    Failure   Level
 Sting                    Tmut/Pois      0%         1d3       45%         1
 Poisonous Vapours        Pois/Air       0%         N/A       58%         2
 Gell's Gravitas          Tloc           0%         N/A       83%         3
 Lesser Beckoning         Tloc           0%         N/A       83%         3
 Teleport Other           Tloc           0%         N/A       83%         3
 Olgreb's Toxic Radiance  Pois           0%         N/A       99%         4


Dungeon Overview and Level Annotations

Branches:
Dungeon (2/15)

Altars:

Shops:
D:1 [


Innate Abilities, Weirdness & Mutations

You cannot wear most types of armour.
You are amphibious.
You can wear up to eight rings at the same time.
Your skin changes colour to match your surroundings (Stealth+).
Your rubbery body absorbs attacks. (AC +1, EV +1)
((You are camouflaged when in or above water. (Stealth+)))
You have tentacles for arms and can constrict up to eight enemies at once.


Message History

The goblin misses you.
You hit the goblin.
You kill the goblin!
You open the door.
There is an open door here.
There is an open door here.
Things that are here:
a +0 dagger; a goblin corpse
Found a stone staircase leading down.
You open the door.
There is an open door here. 2 gnolls come into view.
A gnoll is wielding a +0 vampiric spear.
The gnoll shouts!
You hear a shout!
The gnoll shouts!
A gnoll comes into view. It is wielding a +0 whip.
You closely miss the gnoll. Your grab misses the gnoll.
The gnoll hits you with a +0 flail.
You barely miss the gnoll. You grab the gnoll. You constrict the gnoll.
The gnoll barely misses you. The gnoll hits you with a +0 flail.
You slash the gnoll!
The gnoll is almost dead.
You constrict the gnoll.
You kill the gnoll!
The gnoll closely misses you. x2
Your Stealth skill increases to level 2!
You have reached level 4!
You hit the gnoll but do no damage. Your grab misses the gnoll.
The gnoll misses you.
The gnoll hits you from afar with a +0 vampiric spear!
You hit the gnoll. You grab the gnoll.
The gnoll is heavily wounded.
You constrict the gnoll.
The gnoll hits you from afar with a +0 vampiric spear.
The gnoll hits you with a +0 whip!
* * * LOW HITPOINT WARNING * * *
You release your grip on the gnoll.
You barely miss the gnoll. You grab the gnoll.
The gnoll is severely wounded.
You constrict the gnoll. The gnoll hits you with a +0 whip!
You die...

#..#.....#####....
#..#.##...........
#..#.##........♣♣♣
#..#)##.......♣♣..
#####..#.##......♣♣..♣
##......#.######..♣...♣
#>......g.........♣..♣♣
#......g..######..♣8...
#.#...@#### #.#♣_..⌠
###'#....#########.#♣8...
#........+..........♣..♣♣
#........#####.....#♣♣.♣
#........#####.##### ♣♣.
#............#[##....# .♣
#............#.##.##.#♣♣.
#............#.##........
#########....#....# #...


You could see 2 gnolls.

Vanquished Creatures
  A gnoll (D:2)
  2 adders (D:2)
  A ball python (D:1)
  3 endoplasms
  2 giant cockroaches
  3 hobgoblins
  5 jackals
  3 kobolds (D:1)
  A quokka (D:1)
  3 bats
  A frilled lizard (D:1)
  5 goblins
  2 rats
32 creatures vanquished.

Notes
Turn   | Place    | Note
-------+----------+-------------------------------------------
     0 | D:1      | Tirrikindir the Octopode Fighter began the quest for the
                  | Orb.
     0 | D:1      | Reached XP level 1. HP: 16/16 MP: 1/1
    47 | D:1      | Found Cikk's Antique Armour Shoppe.
   187 | D:1      | Reached XP level 2. HP: 21/21 MP: 2/2
   229 | D:1      | Reached skill level 1 in Stealth
  1070 | D:2      | Reached XP level 3. HP: 22/26 MP: 3/3
  1201 | D:2      | Found a faded altar of an unknown god.
  1878 | D:2      | Reached XP level 4. HP: 23/31 MP: 4/4
  1884 | D:2      | Mangled by a gnoll

Illustrated notes

Levels and vault maps discovered:
D:1:      amcnicky_arrival_abandoned_market, layout_loops_corners, serial_shops,
          nicolae_shop_waterfront, minmay_cupped
D:2:      layout_basic, shapermc_ecumenical_altar_totnotflames

Skill      XL: |  1  2  3 |
---------------+----------+-----
Stealth        | 1 2 |  2.0
Fighting       | |  3.3
Long Blades    | |  2.9
Dodging        | |  3.3
Shields        | |  3.3

Action                   |  1- 3 |  4- 6 || total
-------------------------+-------+-------++-------
Melee: Long sword        |    62 |     3 ||    65
       Constrict         |    15 |     2 ||    17
       Tentacles         |     6 |       ||     6
  Use: Scroll            |     3 |       ||     3
 Stab: Sleeping          |     3 |       ||     3
Armor: Skin              |     1 |       ||     1
Dodge: Dodged            |    43 |     1 ||    44
Block: Buckler           |    12 |       ||    12
